 Dungeon Crawl Stone Soup version 0.20.0-15-g7f486f2 (webtiles) character file.

18008 vishdafish the Blocker (level 12, -45/65 HPs)
             Began as a Gargoyle Fighter on June 23, 2017.
             Was a High Priest of Okawaru.
             Annihilated by an enormous slime creature (65 damage)
             ... on level 12 of the Dungeon.
             The game lasted 00:35:35 (13264 turns).

vishdafish the Blocker (Gargoyle Fighter)          Turns: 13264, Time: 00:35:35

Health: -45/65     AC: 27    Str: 23    XL:     12   Next: 54%
Magic:  0/18       EV: 11    Int: 16    God:    Okawaru [*****.]
Gold:   671        SH:  0    Dex: 10    Spells: 11/11 levels left

rFire    . . .     SeeInvis .   Y - +4 flail (curse)
rCold    . . .     Gourm    .   c - +1 shield
rNeg     + . .     Faith    .   T - +2 scale mail "Romausil" {Int+4}
rPois    ∞         Spirit   +   (helmet restricted)
rElec    +         Reflect  .   B - +0 cloak
rCorr    +         Harm     .   (no gloves)
MR       .....     Clarity  +   (no boots)
Stlth    ..........             I - amulet of guardian spirit
Regen    0.2/turn               U - ring of resist corrosion
MPRegen  0.2/turn               G - +5 ring of protection

@: confused
A: antennae 1, large bone plates 1, yellow scales 1, blurry vision 1, clarity,
clever 1, frail 1, negative energy resistance 1, electricity resistance,
unbreathing, petrification resistance, rot immunity, AC +8
a: Heroism, Finesse, Renounce Religion


You were on level 12 of the Dungeon.
You worshipped Okawaru.
Okawaru was extremely pleased with you.
You were not hungry.

You visited 2 branches of the dungeon, and saw 13 of its levels.

You collected 791 gold pieces.
You spent 120 gold pieces at shops.

Inventory:

Hand Weapons
 a - a +0 flail
 O - a +0 hand crossbow
 Y - a cursed +4 flail (weapon)
Armour
 b - a +0 scale mail
 c - a +1 shield (worn)
 r - a +1 helmet
 B - a +0 cloak (worn)
 E - a scarf of cloud immunity
 T - the +2 scale mail "Romausil" (worn) {Int+4}
   (Okawaru gifted it to you on level 10 of the Dungeon)

   It affects your intelligence (+4).
Jewellery
 d - an uncursed ring of fire
 o - an uncursed ring of magical power
 y - an uncursed ring of protection from fire
 G - a +5 ring of protection (right hand)
 I - an amulet of guardian spirit (around neck)
 U - a ring of resist corrosion (left hand)
 X - an uncursed ring of ice
Wands
 v - a wand of lightning (8/15)
 A - a wand of polymorph (13/24)
 H - a wand of lightning (5/15)
 J - a wand of acid (8/15)
 K - a wand of polymorph (9/24)
 R - a wand of iceblast (6/15)
Scrolls
 k - 3 scrolls of fear {unknown}
 n - 2 scrolls of amnesia
 q - 2 scrolls of blinking {unknown}
 s - 2 scrolls of immolation {unknown}
 t - 3 scrolls of enchant armour
 u - 2 scrolls of recharging {unknown}
 w - 2 scrolls of noise {unknown}
 z - a scroll of teleportation {unknown}
 C - 9 scrolls of identify
 D - 3 scrolls of magic mapping {unknown}
 Q - 2 scrolls of enchant weapon {unknown}
 S - 2 scrolls of remove curse
Potions
 e - a potion of brilliance
 g - 5 potions of curing
 h - 3 potions of mutation
 l - 4 potions of degeneration
 m - 2 potions of ambrosia
 p - 2 potions of flight
 N - a potion of magic {unknown}
 V - 3 potions of lignification {unknown}
Books
 f - a book of Conjurations

   Spells                             Type                      Level
   a - Magic Dart                     Conjuration                  1
   b - Searing Ray                    Conjuration                  2
   c - Dazzling Spray                 Conjuration/Hexes            3
   d - Fulminant Prism                Conjuration/Hexes            4
   e - Force Lance                    Conjuration/Translocation    4
   f - Iskenderun's Mystic Blast      Conjuration                  4
 j - a book of Clouds

   Spells                             Type                      Level
   a - Poisonous Vapours              Poison/Air                   2
   b - Mephitic Cloud                 Conjuration/Poison/Air       3
   c - Conjure Flame                  Conjuration/Fire             3
   d - Freezing Cloud                 Conjuration/Ice/Air          6
   e - Ring of Flames                 Charms/Fire                  7
 F - a book of Cantrips

   Spells                             Type                      Level
   a - Confusing Touch                Hexes                        1
   b - Animate Skeleton               Necromancy                   1
   c - Summon Small Mammal            Summoning                    1
   d - Apportation                    Translocation                1
 L - a book of Air

   Spells                             Type                      Level
   a - Shock                          Conjuration/Air              1
   b - Swiftness                      Charms/Air                   2
   c - Static Discharge               Conjuration/Air              3
   d - Airstrike                      Air                          4
   e - Lightning Bolt                 Conjuration/Air              5
Miscellaneous
 P - a sack of spiders
Comestibles
 i - a meat ration
 x - 5 bread rations
 M - 11 royal jellies
 W - 7 fruits


   Skills:
 + Level 7.7 Fighting
 + Level 11.4 Maces & Flails
 + Level 7.7 Armour
 + Level 4.5 Dodging
 - Level 1.0 Stealth
 + Level 12.0 Shields
 * Level 8.1 Invocations


You had 11 spell levels left.
You didn't know any spells.

Dungeon Overview and Level Annotations

Branches:
Dungeon (12/15)            Temple (1/1) D:4            Lair (0/6) D:11
    Orc: D:9-12

Altars:
Ashenzari
Cheibriados
Dithmenos
Elyvilon
Fedhas
Gozag
Hepliaklqana
Kikubaaqudgha
Makhleb
Nemelex Xobeh
Okawaru
Qazlal
Ru
Sif Muna
Trog
Uskayaw
Vehumet
Xom
Yredelemnul
Zin
The Shining One

Shops:
D:5 *   D:6 !   D:8 (([[

Portals:
Trove: D:10 (give +2 storm dragon scales)


Innate Abilities, Weirdness & Mutations

You are resistant to torment.
Your stone body is resilient. (AC +8)
You are immune to poison.
You resist negative energy. (rN+)
You are resistant to electric shocks. (rElec)
You can survive without breathing.
You are immune to petrification.
You are immune to rotting.
You have a pair of small antennae on your head.
You are partially covered in large bone plates. (SH +4)
You are partially covered in yellow scales. (AC +2)
Scrolls take you a little longer to read.
You possess an exceptional clarity of mind.
Your mind is acute. (Int +2)
You are frail. (-10% HP)


Message History

You block the bullfrog's attack.
The enormous slime creature closely misses you.
You bludgeon the enormous slime creature!!
The enormous slime creature is lightly wounded.
You block the bullfrog's attack. x2
You hit the enormous slime creature.
The enormous slime creature is lightly wounded.
You block the enormous slime creature's attack.
You block the bullfrog's attack.
You hit the enormous slime creature but do no damage.
The enormous slime creature is lightly wounded.
The enormous slime creature hits you!!!
Ouch! That really hurt!
* * * LOW HITPOINT WARNING * * *
The bullfrog hits you but does no damage.
You are confused.
You feel invigorated. The bullfrog hits you.
The enormous slime creature hits you!!!!
Ouch! That really hurt!
You die...

##################
#F@[.).>.........#
......J##############.#
.....## #.# #### #.##
#... ####
###################


You could see an enormous slime creature and a bullfrog.

Vanquished Creatures
  Erolcha (D:10)
  Fannar (D:12)
  A centaur warrior (D:10)
  Erica (D:8)
  4 two-headed ogres
  An ugly thing (D:10)
  Maurice (D:11)
  The ghost of Terandir the Chopper, a novice MiFi (D:6)
  2 gargoyles
  A komodo dragon (D:12)
  2 ice devils (D:11)
  3 trolls
  3 hornets (D:11)
  2 hippogriffs
  A slime creature (D:12)
  11 yaks (D:11)
  A hungry ghost (D:8)
  A steam dragon (D:10)
  2 soldier ants
  2 porcupines
  3 orc warriors
  3 ice beasts
  A black bear (D:10)
  4 sky beasts
  A necrophage (D:9)
  3 ogres
  11 centaurs
  A crocodile (D:10)
  A gnoll sergeant (D:5)
  2 big kobolds (D:11)
  14 bullfrogs
  A wyvern zombie (D:9)
  5 scorpions
  15 killer bees
  9 wights
  A howler monkey (D:6)
  3 crimson imps
  2 hounds
  2 jellies
  8 orc priests
  12 orc wizards
  A bullfrog skeleton (D:11)
  2 centaur skeletons
  5 iguanas
  11 worker ants
  2 hound zombies
  A howler monkey zombie (D:6)
  2 worker ant zombies
  14 adders
  11 gnolls
  2 shadow imps
  2 oozes
  2 adder skeletons
  3 worms (D:2)
  5 dart slugs
  9 leopard geckos
  24 orcs
  4 ball pythons
  6 bats
  7 giant cockroaches
  11 goblins
  10 hobgoblins
  9 jackals
  3 quokkas
  2 frilled lizards
  8 kobolds
  3 leopard gecko zombies
  4 rats
307 creatures vanquished.

Vanquished Creatures (others)
  12 fungi (D:11)
  11 plants (D:11)
23 creatures vanquished.

Grand Total: 330 creatures vanquished

Notes
Turn   | Place    | Note
-------+----------+-------------------------------------------
     0 | D:1      | vishdafish the Gargoyle Fighter began the quest for the Orb.
     0 | D:1      | Reached XP level 1. HP: 14/14 MP: 1/1
   254 | D:1      | Reached XP level 2. HP: 18/19 MP: 2/2
   781 | D:2      | Reached XP level 3. HP: 20/23 MP: 3/3
   920 | D:2      | Reached XP level 4. HP: 19/28 MP: 4/4
   944 | D:2      | Reached skill level 4 in Shields
   968 | D:2      | Found a faded altar of an unknown god.
  1731 | D:3      | Got a faintly glowing shortbow
  1738 | D:3      | Identified the +9 shortbow of Vyem {venom, Str-4 Int+3 Stlth+} (You found it on level 3 of the Dungeon)
  2075 | D:3      | Reached XP level 5. HP: 30/32 MP: 5/5
  2656 | D:4      | Reached XP level 6. HP: 31/38 MP: 6/6
  2697 | D:4      | Reached skill level 1 in Dodging
  2942 | D:4      | Found a staircase to the Ecumenical Temple.
  2970 | Temple   | Entered the Ecumenical Temple
  3231 | Temple   | Became a worshipper of Warmaster Okawaru
  3643 | D:4      | Reached XP level 7. HP: 38/43 MP: 7/7
  3683 | D:5      | Entered Level 5 of the Dungeon
  3792 | D:5      | Reached skill level 5 in Maces & Flails
  3792 | D:5      | Reached skill level 5 in Shields
  4027 | D:5      | Found Rmni's Retail Resort.
  4078 | D:5      | Found a radiant altar of Vehumet.
  4145 | D:5      | Gained mutation: You are robust. (+10% HP) [potion of mutation]
  4145 | D:5      | Gained mutation: You are partially covered in large bone plates. (SH +4) [potion of mutation]
  4147 | D:5      | Gained mutation: You possess an exceptional clarity of mind. [mutagenic meat]
  4148 | D:5      | Lost mutation: You are robust. (+10% HP) [mutagenic meat]
  4149 | D:5      | Gained mutation: You are dopey. (Int -2) [mutagenic meat]
  4150 | D:5      | Lost mutation: You are dopey. (Int -2) [mutagenic meat]
  4151 | D:5      | Gained mutation: You have a pair of small antennae on your head. [mutagenic meat]
  4168 | D:5      | Reached * piety under Okawaru
  4751 | D:6      | Found Yceroteg's Distillery.
  4774 | D:6      | Bought a potion of mutation for 120 gold pieces
  5014 | D:5      | Reached skill level 5 in Armour
  5014 | D:5      | Reached XP level 8. HP: 42/48 MP: 8/8
  5092 | D:6      | Reached skill level 6 in Shields
  5168 | D:6      | Noticed Terandir's ghost (novice MiFi)
  5332 | D:6      | Killed Terandir's ghost
  5332 | D:6      | Reached ** piety under Okawaru
  5541 | D:6      | Noticed a hippogriff
  5555 | D:6      | Killed a hippogriff
  5555 | D:6      | Reached skill level 7 in Shields
  5555 | D:6      | Reached XP level 9. HP: 29/53 MP: 9/9
  5821 | D:6      | Reached skill level 5 in Fighting
  5821 | D:6      | Reached skill level 1 in Stealth
  6057 | D:6      | Found a blossoming altar of Fedhas.
  6322 | D:6      | Reached skill level 1 in Invocations
  6979 | D:6      | Reached *** piety under Okawaru
  7366 | D:7      | Found a sacrificial altar of Ru.
  7508 | D:8      | Reached skill level 8 in Shields
  7514 | D:8      | Noticed a two-headed ogre
  7689 | D:7      | Killed a two-headed ogre
  7689 | D:7      | Reached **** piety under Okawaru
  7689 | D:7      | Reached XP level 10. HP: 7/59 MP: 10/12
  8042 | D:8      | Found a bloodstained altar of Trog.
  8207 | D:7      | Reached skill level 9 in Shields
  8485 | D:8      | Found Erphuguo's Armour Shoppe.
  8520 | D:8      | Noticed a two-headed ogre
  8537 | D:8      | Killed a two-headed ogre
  8680 | D:8      | Found Voifyubb's Antique Weapon Shoppe.
  8703 | D:8      | Noticed Erica
  8719 | D:8      | Killed Erica
  8719 | D:8      | Reached ***** piety under Okawaru
  8719 | D:8      | Reached skill level 5 in Invocations
  8738 | D:8      | Found Pukazxy's Antique Armour Boutique.
  8868 | D:8      | Found Boazong's Weapon Shop.
  9303 | D:9      | Gained mutation: You are partially covered in yellow scales. (AC +2) [mutagenic meat]
  9832 | D:10     | Entered Level 10 of the Dungeon
  9997 | D:10     | Noticed Erolcha
 10016 | D:10     | Killed Erolcha
 10016 | D:10     | Reached skill level 10 in Shields
 10016 | D:10     | Reached XP level 11. HP: 56/66 MP: 8/15
 10216 | D:10     | Noticed a white ugly thing
 10250 | D:10     | Killed a white ugly thing
 10250 | D:10     | Received a gift from Okawaru
 10250 | D:10     | Reached skill level 10 in Maces & Flails
 10254 | D:10     | Got a polished scale mail {god gift}
 10265 | D:10     | Identified the +2 scale mail "Romausil" {Int+4} (Okawaru gifted it to you on level 10 of the Dungeon)
 10269 | D:10     | Gained mutation: Scrolls take you a little longer to read. [mutagenic meat]
 10270 | D:10     | Gained mutation: Your mind is acute. (Int +2) [mutagenic meat]
 10271 | D:10     | Gained mutation: You are frail. (-10% HP) [mutagenic meat]
 10473 | D:10     | Noticed a centaur warrior
 10695 | D:10     | Killed a centaur warrior
 10870 | D:10     | Found a portal to a secret trove of treasure.
 11065 | D:11     | Noticed a two-headed ogre
 11173 | D:11     | Killed a two-headed ogre
 11202 | D:11     | Found a staircase to the Lair.
 11214 | D:11     | Noticed a two-headed ogre
 11226 | D:11     | Killed a two-headed ogre
 11355 | D:11     | Reached skill level 11 in Shields
 11554 | D:11     | Found a radiant altar of Vehumet.
 11737 | D:11     | Reached XP level 12. HP: 45/64 MP: 11/17
 12332 | D:11     | Noticed Maurice
 12339 | D:11     | Paralysed by something for 3 turns
 12356 | D:11     | Paralysed by something for 3 turns
 12385 | D:11     | Killed Maurice
 12659 | D:12     | Noticed Fannar
 12697 | D:12     | Killed Fannar
 12897 | D:12     | Reached skill level 12 in Shields
 13264 | D:12     | Annihilated by an enormous slime creature

Skill      XL: |  1  2  3  4  5  6  7  8  9 10 11 12 |
---------------+-------------------------------------+-----
Maces & Flails | 3 4 5 7 8 9 10 11 | 11.4
Armour         | 4 5 6 7 |  7.7
Shields        | 4 5 7 8 10 11 12 | 12.0
Dodging        | 1 2 3 4 |  4.5
Fighting       | 4 5 6 7 |  7.7
Stealth        | 1 |  1.0
Invocations    | 3 6 7 8 |  8.1

Action                   |  1- 3 |  4- 6 |  7- 9 | 10-12 || total
-------------------------+-------+-------+-------+-------++-------
Melee: Flail             |    92 |   219 |   477 |  1212 ||  2000
Invok: Heroism           |       |       |     2 |    12 ||    14
       Finesse           |       |       |       |     3 ||     3
  Use: Scroll            |       |       |    11 |     1 ||    12
       Potion            |       |       |     5 |     5 ||    10
 Stab: Sleeping          |       |       |       |     1 ||     1
  Eat: Chunk             |       |     2 |     5 |     8 ||    15
       Bread ration      |       |     1 |       |     1 ||     2
       Fruit             |       |     1 |     4 |       ||     5
       Meat ration       |       |     1 |     2 |     3 ||     6
Armor: Scale mail        |    43 |   158 |   174 |   391 ||   766
Dodge: Dodged            |    29 |    99 |   131 |   294 ||   553
Block: Shield            |    53 |   142 |   380 |   938 ||  1513
